 Dungeon Crawl Stone Soup version 0.29.1-1-gd02db6906a (webtiles) character file.

Game seed: 13445269505371418066

7844 GeoRichter the Spear-Bearer (level 11, -9/80 HPs)
             Began as a Demonspawn Gladiator on Oct 17, 2022.
             Was a Believer of Hepliaklqana.
             Mangled by a blink frog (12 damage)
             ... on level 1 of the Lair of Beasts.
             The game lasted 00:19:22 (9585 turns).

GeoRichter the Spear-Bearer (Demonspawn Gladiator)  Turns: 9585, Time: 00:19:23

Health: -9/80      AC:  8    Str: 16    XL:     11   Next: 2%
Magic:  11/11      EV: 12    Int: 10    God:    Hepliaklqana [**....]
Gold:   354        SH:  0    Dex: 19    Spells: 10/10 levels left

rFire   . . .      SeeInvis +   E - +1 scythe (flame)
rCold   . . .      Faith    .   (shield currently unavailable)
rNeg    . . .      Spirit   .   k - +1 ring mail of Lully {Regen+ rCorr Dex+2}
rPois   .          Reflect  .   (helmet unavailable)
rElec   .          Harm     .   o - scarf {repulsion}
rCorr   +          Rampage  .   G - +1 pair of gloves
Will    .....                   (no boots)
Stlth   +.........              q - amulet of the acrobat
HPRegen 2.03/turn               r - ring of resist corrosion
MPRegen 0.24/turn               (no ring)

@: repel missiles
A: reduced essence, antennae 3, claws 2, hooves 2, powered by death 1, magic
regeneration
a: Renounce Religion, Recall Ancestor, Ancestor Identity


You were on level 1 of the Lair of Beasts.
You worshipped Hepliaklqana.
Hepliaklqana was pleased with you.
You visited 3 branches of the dungeon, and saw 10 of its levels.

You collected 354 gold pieces.

Inventory:

Hand Weapons
 j - a +1 spear of venom
   (You found it on level 1 of the Dungeon)
 E - a +1 scythe of flaming (weapon)
   (You took it off Sigmund on level 5 of the Dungeon)
Missiles
 d - 3 throwing nets {!f}
 e - 7 javelins (quivered)
Armour
 k - the +1 ring mail of Lully (worn) {Regen+ rCorr Dex+2}
   (You acquired it on level 1 of the Lair of Beasts)

   Dex:       It affects your dexterity (+2).
   Regen:     It increases your rate of health regeneration.
   rCorr:     It protects you from acid and corrosion.
 o - a scarf of repulsion (worn)
   (You found it on level 4 of the Dungeon)
 G - a +1 pair of gloves (worn)
   (You found it on level 6 of the Dungeon)
Jewellery
 q - an amulet of the acrobat (around neck)
   (You found it on level 2 of the Dungeon)
 r - a ring of resist corrosion (left hand)
   (You found it on level 2 of the Dungeon)
 F - a +4 ring of evasion
   (You found it on level 8 of the Dungeon)
Wands
 b - a wand of paralysis (28)
   (You took it off an orc on level 4 of the Dungeon)
 B - a wand of flame (4)
   (You took it off Sigmund on level 5 of the Dungeon)
Scrolls
 a - a scroll of torment {!r}
 f - a scroll of immolation {!r}
 i - 4 scrolls of teleportation {@r4}
 m - a scroll of poison {!r}
 s - 2 scrolls of magic mapping
 t - a scroll of blinking
 x - 4 scrolls of fear
 A - a scroll of silence
 H - a scroll of amnesia
 I - a scroll of brand weapon
 J - a scroll of fog
Potions
 g - 2 potions of invisibility {unknown}
 h - 7 potions of curing {@q1}
 l - 3 potions of haste {@q3}
 n - 2 potions of might {unknown}
 p - 2 potions of ambrosia {unknown}
 w - a potion of lignification {unknown}
 z - a potion of attraction {unknown}
 C - 3 potions of brilliance {unknown}
 K - a potion of mutation {unknown}


   Skills:
 + Level 9.6 Fighting
 - Level 6.0 Long Blades
 * Level 10.5 Polearms
 - Level 1.7 Throwing
 + Level 2.1 Armour
 + Level 3.6 Dodging
 - Level 2.2 Unarmed Combat
 * Level 3.6 Evocations


You had 10 spell levels left.
You didn't know any spells.
Your spell library contained the following spells:

 Spells                   Type           Power      Damage    Failure   Level
 Static Discharge         Conj/Air       0%         3-3/arc   71%         2
 Dispel Undead            Necr           0%         3d6       100%        4
 Sticky Flame             Conj/Fire      0%         2d3       100%        4
 Summon Lightning Spire   Summ/Air       0%         N/A       100%        4
 Storm Form               Tmut/Air       0%         N/A       100%        7
 Maxwell's Capacitive Co  Air            0%         ∞         100%        8


Dungeon Overview and Level Annotations

Branches:
Dungeon (8/15) Zot: 25733  Temple (1/1) D:7 Zot: 5968    Lair (1/5) D:8 Zot: 5887

Altars:
Ashenzari
Cheibriados
Dithmenos
Fedhas
Hepliaklqana
Makhleb
Nemelex Xobeh
Qazlal
Ru
Sif Muna
Trog
Uskayaw
Vehumet
Wu Jian
Xom
Yredelemnul

Shops:
D:4 [

Annotations:
D:3 2 runed translucent doors, decrepitue's ghost, amateur OpVM


Innate Abilities, Weirdness & Mutations

Your life essence is reduced to manifest your ancestor. (-10% HP)
You have a pair of large antennae on your head. (SInv)
You have very sharp fingernails.
You have hoof-like feet.
You regenerate a little health from kills.
You regenerate magic rapidly.


Message History

You closely miss the blink frog.
You feel sick. The blink frog closely misses you. The blink frog hits you!
* * * LOW HITPOINT WARNING * * *
The blink frog hits you.
* * * LOW HITPOINT WARNING * * *
Reach: E) +1 scythe (flame)
Aim: a blink frog (about 52% to evade your +1 scythe of flaming)
You slash the blink frog! You burn the blink frog.
You feel sick.
The blink frog hits you but does no damage.
The blink frog hits you!
* * * LOW HITPOINT WARNING * * *
The blink frog blinks! x2
Reach: E) +1 scythe (flame)
Aim: a blink frog (about 52% to evade your +1 scythe of flaming)
You slash the blink frog! You burn the blink frog.
You feel sick.
The blink frog blinks! x2
You feel sick.
The blink frog blinks!
You see here a cane toad corpse.
Reach: E) +1 scythe (flame)
Aim: a blink frog (severely wounded, about 52% to evade your +1 scythe of flaming)
You completely miss the blink frog.
You feel sick.
The blink frog blinks!
The blink frog closely misses you.
Reach: E) +1 scythe (flame)
Aim: a blink frog (severely wounded, about 52% to evade your +1 scythe of flaming)
You miss the blink frog. You kick the blink frog.
You feel sick. The blink frog closely misses you. The blink frog hits you!
* * * LOW HITPOINT WARNING * * *
Reach: E) +1 scythe (flame)
Aim: a blink frog (almost dead, about 52% to evade your +1 scythe of flaming)
You miss the blink frog. You kick the blink frog.
You kill the blink frog!
You feel sick.
You are no longer poisoned.
The blink frog blinks!
You have reached level 11!
Your demonic ancestry asserts itself...
The antennae on your head grow some more.
Found 18 gold pieces.
The blink frog blinks!
Reach: E) +1 scythe (flame)
Aim: a blink frog (moderately wounded, about 52% to evade your +1 scythe of flaming)
You reach to attack!
You hit the blink frog. You burn the blink frog.
A water moccasin comes into view.
Reach: E) +1 scythe (flame)
Aim: a blink frog (heavily wounded, about 52% to evade your +1 scythe of flaming)
You closely miss the blink frog.
The water moccasin hisses angrily.
Your kick misses the blink frog. The blink frog hits you!
* * * LOW HITPOINT WARNING * * *
The blink frog hits you!
You die...

,,,........##....##.......,,,,,,,
,,,........##.#.###........,,,,,,
,,,........................,,,,,,
,,,........S............,,,,,,,,,
,,,....................$,,,,,,,,,
,,,..........§.........,,,,,,,,,,
*+*#####......††.......,**,,*****
*,** #...#.##F##.#...,*********
,+,****#...#....@..#,,.,**,,,,,,*
,,,,,*#.................**,,,,,**
,,,,,*##...#............**,,,,,,,
,,,,,* #...#............**,,,,,**
*+,*** *..,#.......#....**,,,,,**
*,,* **,,,#.......#....****,****
,,*****,,,,#+.#+.###,...****,***,
,,,,,,,,,,,,..,...,,,,..,,,,,,,,,
***,*****,****,*****,*,,*,*,*****


You could see a blink frog and a water moccasin.

Vanquished Creatures
  A centaur warrior (D:8)
  A cyclops (D:8)
  A cane toad (Lair:1)
  3 blink frogs (Lair:1)
  2 slime creatures (D:6)
  Sigmund (D:5)
  3 wyverns (D:8)
  2 water moccasins
  An orc warrior (D:8)
  A sky beast (D:8)
  2 ice beasts
  4 black bears
  3 ogres
  2 centaurs
  A wolf (D:8)
  A phantom (D:4)
  2 kobold brigands
  5 bullfrogs
  6 scorpions
  A wight (D:8)
  A howler monkey (D:8)
  A vampire bat (D:3)
  4 hounds
  A gnoll bouda (D:7)
  8 jellies
  5 iguanas
  4 orc wizards
  4 gnolls (D:7)
  12 adders
  2 shadow imps
  3 white imps
  2 ufetubi
  2 worms (D:2)
  3 dart slugs
  3 fire bats (D:3)
  13 orcs
  2 spectral bats (D:3)
  7 ball pythons
  A bat simulacrum (D:3)
  3 bat skeletons (D:3)
  A bat zombie (D:3)
  13 endoplasms
  6 giant cockroaches
  8 goblins
  7 hobgoblins
  6 quokkas
  11 bats
  4 frilled lizards
  7 kobolds
  5 rats
192 creatures vanquished.

Vanquished Creatures (collateral kills)
  Maggie (D:7)
  A slime creature (D:6)
  A steam dragon (D:8)
  4 water moccasins (D:8)
  An orc warrior (D:7)
  A black bear (D:8)
  A phantom (D:6)
  2 kobold brigands (D:6)
  A necrophage (D:6)
  A gnoll sergeant (D:8)
  2 howler monkeys (D:8)
  A gnoll bouda (D:8)
  An orc wizard (D:8)
  A gnoll (D:8)
  3 orcs
  3 kobolds
25 creatures vanquished.

Vanquished Creatures (others)
  2 knights
  6 ancestors
  11 fungi
  11 plants
  8 toadstools (D:6)
38 creatures vanquished.

Grand Total: 255 creatures vanquished

Notes
Turn   | Place    | Note
-------+----------+-------------------------------------------
     0 | D:1      | GeoRichter the Demonspawn Gladiator began the quest for the
                  | Orb.
     0 | D:1      | Reached XP level 1. HP: 16/16 MP: 1/1
   421 | D:1      | Gained mutation: You regenerate a little health from kills.
                  | [demonic ancestry]
   421 | D:1      | Reached XP level 2. HP: 12/22 MP: 2/2
  1202 | D:2      | Discovered your monstrous ancestry.
  1202 | D:2      | Gained mutation: You have sharp fingernails. [demonic
                  | ancestry]
  1202 | D:2      | Reached XP level 3. HP: 28/28 MP: 3/3
  1374 | D:2      | Gained mutation: You have large cloven feet. [demonic
                  | ancestry]
  1374 | D:2      | Reached XP level 4. HP: 34/34 MP: 4/4
  1419 | D:2      | Identified the +10 mace "Pezanuwu" {chaos, Str+4 Int+4}
  2050 | D:3      | Found a runed translucent door.
  2058 | D:3      | Noticed decrepitue's ghost (amateur OpVM)
  2116 | D:3      | Gained mutation: You have a pair of small antennae on your
                  | head. [demonic ancestry]
  2116 | D:3      | Reached XP level 5. HP: 41/41 MP: 5/5
  2361 | D:3      | Reached skill level 5 in Long Blades
  2434 | D:3      | Gained mutation: You have very sharp fingernails. [demonic
                  | ancestry]
  2434 | D:3      | Reached XP level 6. HP: 48/48 MP: 6/6
  2798 | D:3      | Found a runed translucent door.
  2990 | D:4      | Reached skill level 1 in Unarmed Combat
  3266 | D:4      | Gained mutation: You have a pair of antennae on your head.
                  | [demonic ancestry]
  3266 | D:4      | Reached XP level 7. HP: 31/55 MP: 7/7
  3696 | D:4      | Found Fejoun's Antique Armour Shop.
  3811 | D:4      | Found a shimmering altar of Xom.
  3812 | D:4      | Found a hazy altar of Hepliaklqana.
  3813 | D:4      | Noticed a spectral ugly thing
  3816 | D:4      | Became a worshipper of Hepliaklqana the Forgotten
  4083 | D:5      | Entered Level 5 of the Dungeon
  4110 | D:5      | Reached skill level 5 in Fighting
  4127 | D:5      | Reached skill level 1 in Polearms
  4225 | D:5      | Reached skill level 2 in Polearms
  4461 | D:5      | Reached skill level 3 in Polearms
  4461 | D:5      | Reached XP level 8. HP: 31/64 MP: 8/8
  4831 | D:5      | Noticed Sigmund
  4924 | D:5      | Reached skill level 4 in Polearms
  4986 | D:5      | Identified the +0 chain mail "Jifitos" {Harm Rampage rPois
                  | Will++}
  5138 | D:5      | Killed Sigmund
  5568 | D:6      | Reached skill level 5 in Polearms
  5589 | D:6      | Reached * piety under Hepliaklqana
  6201 | D:6      | Reached skill level 6 in Polearms
  6240 | D:6      | Gained mutation: You regenerate magic rapidly. [demonic
                  | ancestry]
  6240 | D:6      | Reached XP level 9. HP: 62/64 MP: 9/9
  6775 | D:6      | HP: 2/64 [slime creature (5)]
  7063 | D:6      | Reached skill level 7 in Polearms
  7258 | D:7      | Noticed Maggie
  7337 | D:7      | Killed Maggie
  7472 | D:7      | Reached skill level 8 in Polearms
  7920 | D:7      | Reached ** piety under Hepliaklqana
  7921 | D:7      | Remembered your ancestor Kaya as a knight
  8046 | D:7      | Found a staircase to the Ecumenical Temple.
  8139 | Temple   | Entered the Ecumenical Temple
  8139 | Temple   | Found a transporter.
  8139 | Temple   | Found a transporter.
  8141 | Temple   | Found a transporter.
  8141 | Temple   | Found a transporter.
  8248 | D:8      | Reached skill level 9 in Polearms
  8248 | D:8      | Gained mutation: You have hoof-like feet. [demonic
                  | ancestry]
  8248 | D:8      | Reached XP level 10. HP: 9/73 MP: 10/10
  8249 | D:8      | HP: 1/73 [wolf (8)]
  8585 | D:8      | Found a staircase to the Lair.
  8735 | D:8      | Noticed a centaur warrior
  8747 | D:8      | Killed a centaur warrior
  8748 | D:8      | Reached skill level 10 in Polearms
  8748 | D:8      | Reached skill level 1 in Armour
  8748 | D:8      | Reached skill level 1 in Evocations
  9055 | D:8      | Noticed a cyclops
  9062 | D:8      | Killed a cyclops
  9430 | Lair:1   | Entered Level 1 of the Lair of Beasts
  9435 | Lair:1   | Identified a scroll of acquirement
  9440 | Lair:1   | Acquired the +1 ring mail of Lully {Regen+ rCorr Dex+2}
  9559 | Lair:1   | Noticed a cane toad
  9572 | Lair:1   | Killed a cane toad
  9583 | Lair:1   | Gained mutation: You have a pair of large antennae on your
                  | head. (SInv) [demonic ancestry]
  9583 | Lair:1   | Reached XP level 11. HP: 8/80 MP: 11/11
  9585 | Lair:1   | HP: 3/80 [blink frog (11)]
  9585 | Lair:1   | Mangled by a blink frog

Illustrated notes

Levels and vault maps discovered:
D:1:      nicolae_arrival_memento_mori, layout_rooms, minmay_misc_feat_chi,
          minmay_misc_feat_tower, minmay_hexomino_p4
D:2:      layout_basic
D:3:      layout_loops_corners, ebering_ghost_sewer_f, minivault_26,
          goddamned_bats
D:4:      layout_loops_ring, regret_index_temple_of_mockery,
          kennysheep_windowed_goal
D:5:      layout_loops_ring, uniq_sigmund
D:6:      cheibrodos_fertilizer, layout_loops_corners
D:7:      layout_rooms, temple_green, uniq_maggie
D:8:      minmay_opposing_rooms, layout_basic, minmay_lair_entry_grove
Temple:   hellmonk_temple_divided_pantheon
Lair:1:   layout_regular_city

Skill      XL: |  1  2  3  4  5  6  7  8  9 10 |
---------------+-------------------------------+-----
Long Blades    | 3 4 5 6 |  6.0
Fighting       | 3 4 5 7 8 9 |  9.6
Unarmed Combat | 2 |  2.2
Polearms       | 3 6 9 10 | 10.5
Armour         | 2 |  2.1
Dodging        | 3 |  3.6
Evocations     | 3 |  3.6
Throwing       | |  1.7

Action                   |  1- 3 |  4- 6 |  7- 9 | 10-12 || total
-------------------------+-------+-------+-------+-------++-------
Melee: Long sword        |    64 |       |       |       ||    64
       Spear             |    42 |   172 |   312 |       ||   526
       Punch             |     1 |     2 |     8 |       ||    11
       Kick              |       |    46 |    93 |    23 ||   162
       Halberd           |       |       |    89 |   114 ||   203
Throw: Javelin           |     2 |     2 |       |     1 ||     5
Invok: Ancestor Life: Kn |       |       |     1 |       ||     1
  Use: Scroll            |       |       |       |    18 ||    18
       Potion            |       |       |       |     2 ||     2
Armor: Leather armour    |    23 |       |       |       ||    23
       Scale mail        |    16 |    72 |   126 |    22 ||   236
       Ring mail         |       |       |       |     4 ||     4
Dodge: Dodged            |    67 |   125 |   175 |    43 ||   410
       Repelled          |       |       |     3 |       ||     3
